 Dungeon Crawl Stone Soup version 0.32-a0-913-g739538afd8 (webtiles) character file.

Game seed: 13918735375615569098

246567 croobank the Necromancer (level 19, -3/109 (127) HPs)
             Began as a Felid Summoner on Apr 7, 2024.
             Was a Priest of Jiyva.
             Slain by a salamander tyrant simulacrum (9 damage)
             ... on level 4 of the Snake Pit on Apr 9, 2024.
             The game lasted 04:50:23 (46464 turns).

croobank the Necromancer (Felid Summoner)          Turns: 46464, Time: 04:50:23

HP:   -3/109 (127)  AC:  3    Str: 12      XL:     19   Next: 53%
MP:   4/42          EV: 22    Int: 32 (35) God:    Jiyva [***...]
Gold: 169           SH:  5    Dex: 16      Spells: 0/54 levels left
                                        Lives: 0   Deaths: 6

rFire   + . .        (weapon unavailable)
rCold   + + +        (shield unavailable)
rNeg    . . .        (body armour unavailable)
rPois   +            (helmet unavailable)
rElec   +            (cloak unavailable)
rCorr   +            (gloves unavailable)
SInv    +            (boots unavailable)
Will    ++...        B - amulet "Recysol" {Reflect rPois Int+3 SH+5}
Stlth   ++++         d - ring of Ilen {rC++ Int+6}
HPRegen 1.50/turn    w - ring of the Equinox {Wiz rElec rF+ Str+4 Slay-6}
MPRegen 0.84/turn

%: reflection, wizardry (x1)
@: death channelling, weakened, heavily drained
A: very small, claws 1, fangs 3, see invisible, shaggy fur 3, stealthy paws, no
weapons or thrown items, no armour, multi-lived, robust 3, strong 1
a: Renounce Religion, Oozemancy


You were on level 4 of the Snake Pit.
You worshipped Jiyva.
Jiyva was most pleased with you.
You visited 7 branches of the dungeon, and saw 34 of its levels.
You also visited: Bailey.

You collected 3112 gold pieces.
You spent 2943 gold pieces at shops.

Inventory:

Jewellery
 d - the ring of Ilen (left paw) {rC++ Int+6}
   (You acquired it on level 4 of the Dungeon)

   [ring of intelligence]

   Int+6:     It affects your intelligence (+6).
   rC++:      It greatly protects you from cold.
 f - a ring of resist corrosion
 m - an amulet of guardian spirit
 v - the ring of Discretion {rPois rC- Will+++ AC+4}
   (You found it on level 6 of the Dungeon)

   [ring of protection]

   AC+4:      It affects your AC (+4).
   rC-:       It makes you vulnerable to cold.
   rPois:     It protects you from poison.
   Will+++:   It greatly increases your willpower.
 w - the ring of the Equinox (right paw) {Wiz rElec rF+ Str+4 Slay-6}
   (You acquired it on level 5 of the Dungeon)

   [ring of wizardry]

   Wiz:       It improves your spell success rate.
   Str+4:     It affects your strength (+4).
   Slay-6:    It affects your accuracy & damage with ranged weapons and melee
   (-6).
   rF+:       It protects you from fire.
   rElec:     It insulates you from electricity.
 A - an amulet of regeneration
 B - the amulet "Recysol" (around neck) {Reflect rPois Int+3 SH+5}
   (You acquired it on level 11 of the Dungeon)

   [amulet of reflection]

   Reflect:   It reflects blocked missile attacks.
   Int+3:     It affects your intelligence (+3).
   rPois:     It protects you from poison.
   SH+5:      It affects your SH (+5).
 D - an amulet of magic regeneration
 G - a +6 ring of strength
 K - a +6 ring of strength
 L - a ring of protection from fire
 N - a ring of poison resistance
 O - a +6 ring of dexterity
 Q - a ring of ice
 R - the ring of the Jester {Will+ SInv}
   (You found it on level 4 of the Lair of Beasts)

   [ring of see invisible]

   Will+:     It increases your willpower.
   SInv:      It lets you see invisible.
 W - a ring of protection from cold
Talismans
 y - the serpent talisman "Guaggy Kuroo" {rF+ Will+ SInv}
   (You took it off Aizul on level 1 of the Snake Pit)

   [serpent talisman]

   rF+:       It protects you from fire.
   Will+:     It increases your willpower.
   SInv:      It lets you see invisible.
 V - a granite talisman
Wands
 g - a wand of light (9)
 h - a wand of flame (24)
 o - a wand of digging (5)
 x - a wand of roots (6)
 z - a wand of polymorph (2)
 I - a wand of paralysis (8)
 U - a wand of mindburst (11)
Scrolls
 c - 9 scrolls of poison
 e - a scroll of fog
 j - 4 scrolls of revelation
 n - 2 scrolls of vulnerability
 p - 7 scrolls of teleportation
 M - 6 scrolls of fear
 T - a scroll of silence
Potions
 b - 15 potions of curing
 i - 6 potions of lignification
 k - 3 potions of haste
 l - 5 potions of enlightenment
 q - 5 potions of cancellation
 r - 6 potions of attraction
 s - a potion of brilliance
 t - 3 potions of might
 u - 7 potions of mutation
 H - a potion of berserk rage
 J - 4 potions of resistance
Miscellaneous
 P - a box of beasts


   Skills:
 - Level 10.0 Fighting
 - Level 10.0 Dodging
 - Level 10.0 Stealth
 + Level 18.1 Spellcasting
 - Level 5.2 Hexes
 + Level 20.1 Summonings
 + Level 20.7 Necromancy
 * Level 4.3 Translocations
 - Level 5.0 Fire Magic
 - Level 7.0 Air Magic


You couldn't memorise any spells.
You knew the following spells:

 Your Spells              Type           Power      Damage    Failure   Level
c - Call Canine Familiar  Summ           100%       N/A       0%          3
d - Summon Blazeheart Go  Fire/Summ      83%        N/A       1%          4
e - Summon Lightning Spi  Summ/Air       86%        N/A       1%          4
f - Summon Mana Viper     Hex/Summ       83%        N/A       1%          5
i - Monstrous Menagerie   Summ           51%        N/A       1%          7
A - Animate Dead          Necr           100%       N/A       0%          4
B - Blink                 Tloc           100%       N/A       1%          2
D - Death Channel         Necr           52%        N/A       1%          6
H - Haunt                 Necr/Summ      51%        N/A       1%          7
I - Infestation           Necr           52%        N/A       1%          8
N - Anguish               Hex/Necr       42%        N/A       1%          4

Your spell library contained the following spells:

 Spells                   Type           Power      Damage    Failure   Level
 Necrotise                Necr           100%       1d9       0%          1
 Summon Small Mammal      Summ           100%       N/A       0%          1
 Call Imp                 Summ           100%       N/A       0%          2
 Fugue of the Fallen      Necr           100%       N/A       0%          3
 Vampiric Draining        Necr           100%       2d13      0%          3
 Dispel Undead            Necr           100%       3d31      0%          4
 Curse of Agony           Necr           100%       N/A       0%          5
 Magic Dart               Conj           100%       1d8       1%          1
 Sandblast                Erth           56%        2d13      1%          1
 Cigotuvi's Dreadful Rot  Necr/Alch/Air  100%       N/A       1%          2
 Ensorcelled Hibernation  Hex/Ice        90%        N/A       1%          2
 Mercury Vapours          Alch/Air       100%       N/A       1%          2
 Dazzling Flash           Conj/Hex       90%        N/A       1%          3
 Frozen Ramparts          Ice            56%        1d9       1%          3
 Mephitic Cloud           Conj/Alch/Air  43%        N/A       1%          3
 Ozocubu's Armour         Ice            28%        N/A       1%          3
 Stone Arrow              Conj/Erth      56%        3d10      1%          3
 Summon Ice Beast         Ice/Summ       75%        N/A       1%          3
 Cause Fear               Hex            29%        N/A       1%          4
 Borgnjor's Vile Clutch   Necr/Erth      38%        N/A       1%          5
 Borgnjor's Revivificati  Necr           52%        N/A       1%          8
 Brom's Barrelling Bould  Conj/Erth      28%        2d5       5%          4
 Leda's Liquefaction      Alch/Erth      14%        N/A       5%          4
 Petrify                  Alch/Erth      28%        N/A       5%          4
 Fireball                 Conj/Fire      22%        3d10      5%          5
 Metabolic Englaciation   Hex/Ice        22%        N/A       5%          5
 Freezing Cloud           Conj/Ice/Air   21%        6-21      6%          5
 Death's Door             Necr           52%        N/A       11%         9
 Dragon's Call            Summ           51%        N/A       14%         9
 Starburst                Conj/Fire      22%        6d7       28%         6
 Sculpt Simulacrum        Ice/Alch       14%        N/A       58%         6
 Maxwell's Capacitive Co  Air            32%        ∞         86%         8
 Ozocubu's Refrigeration  Ice            14%        4d10      98%         7
 Polar Vortex             Ice            14%        12d1*     100%        9


Dungeon Overview and Level Annotations

Branches:
Dungeon (15/15)            Temple (1/1) D:6            Lair (5/5) D:10
 Shoals (0/4) Lair:3        Snake (4/4) Lair:2        Slime (5/5) Lair:4
    Orc (2/2) D:12            Elf (2/3) Orc:2        Vaults (0/5) D:14
 Depths (0/4) D:15         Bailey (visited)

Altars:
Ashenzari
Cheibriados
Dithmenos
Elyvilon
Fedhas
Gozag
Hepliaklqana
Kikubaaqudgha
Makhleb
Nemelex Xobeh
Okawaru
Qazlal
Ru
Sif Muna
Trog
Uskayaw
Vehumet
Wu Jian
Xom
Yredelemnul
Zin
The Shining One
Beogh
Jiyva
Lugonu

Shops:
D:7 **[   D:9 *   Orc:2 :(([:   Elf:1 ?   Snake:1 :   Snake:4 :=:

Portals:
Trove: D:15 (lose all piety)

Annotations:
D:10 3 runed translucent doors, Biggs's ghost, journeyman CoHu
Snake:3 1 transporter
Slime:5 Royal Jelly


Innate Abilities, Weirdness & Mutations

You have sharp claws.
You have razor-sharp teeth.
You have supernaturally acute eyesight. (SInv)
Your thick and shaggy fur keeps you warm. (AC +3, rC+)
Your paws help you pounce on unaware monsters.
You are incapable of wielding weapons or throwing items.
You cannot wear armour.
You gain extra lives every three experience levels.
You are extremely robust. (+30% HP)
Your muscles are strong. (Str +4, Int/Dex -1)


Message History

Your death scarab looks weaker.
The salamander tyrant barely misses your death scarab.
Your death scarab bites the spectral nagaraja!
Your death scarab drains the spectral nagaraja's vigour!
The spectral nagaraja seems to slow down.
Your spectral salamander tyrant hits the nagaraja.
Your spectral naga warrior hits the spectral nagaraja!
Your spectral salamander hits the spectral nagaraja but does no damage.
Your death scarab barely misses the spectral nagaraja.
The nagaraja hits you from afar with a +0 spear!!
* * * LOW HITPOINT WARNING * * *
The nagaraja is wracked by anguish!!
The nagaraja dies!
A death scarab bursts from the nagaraja!
A glowing mist starts to gather...
Your death scarab barely misses the salamander tyrant.
The naga warrior roars a battlecry!
The nagas go into a battle-frenzy!
The salamander tyrant hits your spectral naga warrior.
Your spectral naga warrior is engulfed in flames!
The nagaraja casts a spell.
The nagaraja seems to speed up.
Your death scarab completely misses the spectral nagaraja.
Your death scarab bites the spectral nagaraja!
The spectral nagaraja is destroyed!
Your spectral salamander tyrant hits the salamander tyrant simulacrum but does no damage.
Your spectral naga warrior hits the salamander tyrant.
The salamander tyrant dies!
A glowing mist starts to gather...
The salamander tyrant simulacrum hits your blazeheart golem but does no damage.
Your spectral salamander hits the salamander tyrant simulacrum!
Your blazeheart golem punches the salamander tyrant simulacrum!!
Your spectral nagaraja hits the salamander tyrant simulacrum!
Your spectral nagaraja grabs the salamander tyrant simulacrum.
Your spectral nagaraja constricts the salamander tyrant simulacrum!
Your spectral salamander tyrant completely misses the salamander tyrant simulacrum.
You swap places.
The salamander tyrant simulacrum hits you!
You die...
Jiyva sends a jelly to digest your remains.

###.Z......................#
#..Z.....................#
#....Z...................#
#......B.................#
#[######.....###########.#
#...###.....## #...#
#÷[.##.....######## ##...#
##<.#.....###Z....###...Z##
#.##....##?@9.≈....##...Z##
###....##BBZZ.≈)....###J).##
##.9.##.ZBZ####.)...###..Z#
#...##..ZZ## ###...# ##..)
#...#.N))# #...## ##..
#...#..N# ##...# #..
#...#.)) #...# #.#. #...#)..
#...##.... #...# #...#....#


You could see a nagaraja (fast, strong), a naga warrior (strong, anguished), a
salamander tyrant simulacrum (ally target), 2 friendly spectral naga warriors, a
friendly spectral nagaraja, a friendly spectral salamander, 2 friendly spectral
salamander tyrants, a friendly blazeheart golem (summoned) and 3 friendly death
scarabs.

Vanquished Creatures
  3 acid blobs
  Agnes (D:14)
  A nagaraja (Snake:4)
  5 rockslimes
  3 azure jellies
  An orc warlord (Bailey)
  2 yaktaur captains
  A hydra (D:13)
  5 boulder beetles
  2 anacondas (Snake:3)
  A centaur warrior (D:10)
  A dancing weapon (Elf:1)
  2 two-headed ogres (Orc:2)
  The ghost of avangion the Thaumaturge, a journeyman DECj of Vehumet (Orc:1)
  Urug (D:12)
  A naga sharpshooter (Snake:4)
  2 deep elf knights (Elf:1)
  A naga warrior (Snake:3)
  2 deep elf archers
  3 skeletal warriors (D:12)
  A naga ritualist (Snake:4)
  Pikel (D:5)
  6 orc knights
  2 ugly things (D:12)
  Maurice (D:12)
  A deep elf pyromancer (D:10)
  3 cyclopes
  2 meliai (D:14)
  A guardian serpent (Lair:1)
  A centaur zombie (D:15)
  3 manticores
  6 black mambas
  2 naga magi (Snake:4)
  A torpor snail (Lair:1)
  A cane toad (Lair:1)
  Psyche (D:11)
  A komodo dragon (Lair:2)
  A freezing wraith (D:15)
  2 rime drakes (Lair:3)
  5 trolls
  4 polar bears (Lair:5)
  Prince Ribbit (D:7)
  The ghost of Biggs the Shooter, an amateur CoHu (D:4)
  2 hornets (D:10)
  11 slime creatures
  A centaur simulacrum (D:10)
  A shadow (D:7)
  A nameless horror (Lair:1)
  15 yaks
  3 wyverns
  A steam dragon (D:8)
  A basilisk (Lair:3)
  Grum (D:9)
  2 wargs (Lair:5)
  3 water moccasins
  4 nagas
  9 orc warriors
  3 black bears (Lair:5)
  An ogre (Orc:2)
  A centaur (D:7)
  6 wolves
  A lemure (D:5)
  A bullfrog (Lair:1)
  4 wights
  8 killer bees
  An electric eel (D:6)
  2 orc priests
  A sleepcap (D:7)
  A hell rat (Lair:3)
  An orc wizard (D:5)
  2 naga zombies
  2 gnolls
  An adder (D:5)
  A white imp (D:6)
  A dart slug (D:5)
  6 orcs
  5 endoplasms
  3 goblins
  2 hobgoblins
  2 kobolds
  2 ball pythons
  A bat (D:1)
  A rat (D:3)
202 creatures vanquished.

Vanquished Creatures (collateral kills)
  Mara (Snake:3)
  Vashnia (Snake:4)
  Jorgrun (D:14)
  25 acid blobs
  Gastronok (D:11)
  Frances (D:14)
  Kirke (D:14)
  5 nagarajas (Snake:4)
  Aizul (Snake:1)
  Roxanne (Snake:4)
  14 rockslimes
  8 azure jellies
  3 deep elf sorcerers
  6 quicksilver oozes
  5 formless jellyfish (Slime:1)
  The ghost of Ahar the Fighter, a journeyman HONe of Kikubaaqudgha (Lair:4)
  A fire dragon (D:15)
  An acid blob zombie (Slime:5)
  2 rakshasas (D:15)
  7 great orbs of eyes
  2 salamander tyrants (Snake:4)
  2 vault guards
  An ice dragon (Lair:5)
  5 centaur warriors
  4 hydras
  7 boulder beetles
  4 anacondas
  A catoblepas (D:14)
  Erica (Orc:1)
  5 ogre magi
  4 dancing weapons
  17 two-headed ogres
  12 naga sharpshooters
  4 tengu warriors
  A death yak (Lair:5)
  A hell hog (Lair:5)
  16 naga warriors
  An occultist (D:15)
  An orc high priest (Orc:2)
  6 deep elf knights
  A skyshark (Lair:4)
  A salamander mystic (Snake:4)
  An anaconda zombie (Snake:3)
  4 mana vipers
  A sea snake (shapeshifter) (Elf:1)
  3 deep elf archers (Elf:1)
  7 skeletal warriors
  A glowing orange brain (Slime:5)
  A swamp dragon (Lair:5)
  2 thermic dynamos (Elf:1)
  4 naga ritualists
  6 orc knights
  A harpy (D:14)
  8 deep elf pyromancers
  8 deep elf zephyrmancers (Elf:1)
  A necromancer (D:15)
  5 orc sorcerers
  5 manticores
  8 ugly things (D:14)
  7 shining eyes
  7 salamanders
  A meliai (D:14)
  17 black mambas
  A merfolk siren (Lair:3)
  2 cyclopes
  3 kobold blastminers
  3 guardian serpents
  5 eyes of devastation
  An elephant (D:10)
  A shock serpent zombie (Snake:4)
  5 naga magi
  Maggie (D:8)
  A gargoyle (D:13)
  10 cane toads
  5 yaktaurs (D:15)
  7 rime drakes
  An efreet (D:14)
  8 komodo dragons
  A nameless horror (Lair:1)
  Jeremiah (D:9)
  2 freezing wraiths (D:15)
  An unseen horror (D:12)
  4 tengu conjurers
  6 kobold demonologists
  6 polar bears
  A troll (shapeshifter) (D:15)
  4 trolls
  Grinder (D:3)
  3 glass eyes
  6 dream sheep (Lair:5)
  A meliai zombie (D:15)
  3 blink frogs (Lair:1)
  2 centaur simulacra (D:15)
  2 air elementals
  100 slime creatures
  2 shadows
  A water elemental (Elf:1)
  A black mamba zombie (Snake:3)
  A vampire (D:10)
  7 wyverns
  8 basilisks
  A wraith (D:14)
  27 yaks
  A fire elemental (Elf:1)
  6 hogs (D:14)
  18 golden eyes
  7 wargs
  3 steam dragons
  A vampire mosquito (D:12)
  34 nagas
  10 water moccasins
  15 hell hounds
  4 acid dragons
  4 elf zombies
  An ice beast (D:8)
  A sky beast (D:7)
  4 swamp drakes (Lair:5)
  3 naga zombies
  13 orc warriors
  A laughing skull (D:12)
  8 black bears (Lair:5)
  25 wolves
  23 ogres
  2 centaurs
  A salamander zombie (Snake:4)
  4 kobold brigands
  Blork the orc (D:5)
  10 bullfrogs
  3 earth elementals
  4 scorpions
  6 wights
  5 killer bees
  5 howler monkeys
  A bombardier beetle (D:5)
  A gnoll bouda (D:8)
  2 hounds
  5 jellies
  2 sleepcaps
  5 orc priests
  4 iguanas
  Natasha (thrice) (D:3)
  7 hell rats
  4 orc wizards
  8 gnolls
  10 adders
  A shadow imp (D:6)
  6 white imps
  A dart slug (D:4)
  A ribbon worm (shapeshifter) (Elf:1)
  A ribbon worm (D:3)
  41 orcs
  6 ball pythons
  2 bats
  6 endoplasms
  8 hobgoblins
  3 jackals (D:5)
  A quokka (D:5)
  2 frilled lizards
  14 goblins
  14 kobolds
  2 butterflies (Lair:4)
911 creatures vanquished.

Vanquished Creatures (others)
  12 acid blobs
  A nagaraja (Snake:4)
  8 azure jellies
  9 rockslimes
  2 formless jellyfish
  3 quicksilver oozes
  2 rockslime zombies (Slime:5)
  10 acid blob zombies
  2 great orbs of eyes
  2 salamander tyrants (Snake:4)
  An anaconda (Snake:4)
  6 azure jelly zombies
  A quicksilver ooze zombie (Slime:1)
  2 naga warriors
  2 shock serpents (Snake:4)
  A naga sharpshooter (Snake:4)
  A salamander mystic (Snake:4)
  An anaconda zombie (Snake:2)
  3 orc knights
  A salamander (Snake:4)
  2 naga magi (Snake:4)
  4 great orb of eyes zombies
  5 black mamba zombies
  25 slime creatures
  31 slime creature zombies
  A human (D:14)
  An elf zombie (Elf:1)
  A naga (Snake:3)
  13 naga zombies
  A wolf (Lair:5)
  A wight (D:8)
  50 jellies
  2 orc wizards
  A nameless horror (D:8)
  An adder (D:14)
  An orc (Orc:1)
  112 blazeheart cores
322 creatures vanquished.

Grand Total: 1435 creatures vanquished

Notes
Turn   | Place    | Note
-------+----------+-------------------------------------------
     0 | D:1      | croobank the Felid Summoner began the quest for the Orb.
     0 | D:1      | Reached XP level 1. HP: 9/9 MP: 4/4
    35 | D:1      | Found a faded altar of an unknown god.
   690 | D:1      | Reached XP level 2. HP: 13/13 MP: 0/6
   693 | D:1      | Learned a level 2 spell: Call Imp
  1164 | D:2      | Reached XP level 3. HP: 8/16 MP: 2/7
  1217 | D:2      | Learned a level 3 spell: Call Canine Familiar
  1894 | D:3      | Reached XP level 4. HP: 21/21 MP: 0/8
  1894 | D:3      | Gained a life (2 lives remaining)
  2029 | D:3      | Noticed Grinder
  2050 | D:3      | Killed Grinder
  2051 | D:3      | Reached skill level 5 in Stealth
  2051 | D:3      | Reached skill level 5 in Summonings
  2051 | D:3      | Reached XP level 5. HP: 8/24 MP: 3/11
  2051 | D:3      | Gained mutation: You are covered in thick fur. (AC +2)
                  | [Felid growth]
  2051 | D:3      | Reached XP level 6. HP: 10/28 MP: 3/12
  2132 | D:3      | Learned a level 4 spell: Summon Blazeheart Golem
  2285 | D:3      | Found an iron altar of Okawaru.
  2343 | D:3      | Noticed Natasha
  2349 | D:3      | Killed Natasha
  2373 | D:3      | Noticed Natasha
  2383 | D:3      | Killed from afar by Natasha
  2383 | D:3      | Lost a life (1 life remaining)
  2383 | D:3      | Killed Natasha
  2411 | D:3      | Noticed Natasha
  2417 | D:3      | Killed Natasha
  2651 | D:3      | Found an ornate altar of the Wu Jian Council.
  3228 | D:4      | Identified a scroll of acquirement
  3228 | D:4      | Acquired the ring of Ilen {rC++ Int+6}
  3313 | D:4      | Reached skill level 1 in Fire Magic
  3325 | D:4      | Reached skill level 1 in Fighting
  3325 | D:4      | Reached skill level 5 in Dodging
  3674 | D:4      | Found a runed translucent door.
  3675 | D:4      | Noticed Biggs's ghost (amateur CoHu)
  3699 | D:4      | Killed Biggs's ghost
  3700 | D:4      | Reached XP level 7. HP: 33/33 MP: 6/13
  3700 | D:4      | Gained a life (2 lives remaining)
  4073 | D:4      | Found a sparkling altar of Nemelex Xobeh.
  4527 | D:5      | Entered Level 5 of the Dungeon
  4594 | D:5      | Noticed Pikel
  4617 | D:5      | Killed Pikel
  4618 | D:5      | Reached XP level 8. HP: 39/39 MP: 6/15
  4629 | D:5      | Learned a level 4 spell: Summon Lightning Spire
  4698 | D:5      | Acquired the ring of the Equinox {Wiz rElec rF+ Str+4
                  | Slay-6}
  4715 | D:5      | Acquired a book of Beasts
  5115 | D:5      | Reached skill level 1 in Air Magic
  5763 | D:5      | Noticed Blork the orc
  5774 | D:5      | Killed Blork the orc
  6404 | D:6      | Found a shimmering altar of Xom.
  6404 | D:6      | Found a shimmering altar of Xom.
  6422 | D:6      | Reached XP level 9. HP: 44/44 MP: 12/17
  6577 | D:6      | Found a staircase to the Ecumenical Temple.
  6593 | Temple   | Entered the Ecumenical Temple
  6604 | Temple   | Became a worshipper of Kikubaaqudgha
  6895 | D:6      | Identified the ring of Discretion {rPois rC- Will+++ AC+4}
  6974 | D:6      | Found a white marble altar of Elyvilon.
  7014 | D:7      | Found Tuih's General Store.
  7014 | D:7      | Found Juexziph's General Store.
  7015 | D:7      | Found Uniror's Armour Shoppe.
  7034 | D:7      | Bought a scroll of immolation for 56 gold pieces
  7522 | D:7      | Reached skill level 5 in Spellcasting
  7564 | D:7      | Noticed Prince Ribbit
  7572 | D:7      | Reached skill level 5 in Fire Magic
  7599 | D:7      | Killed Prince Ribbit
  7729 | D:7      | Found a burning altar of Makhleb.
  7797 | D:7      | Found a shadowy altar of Dithmenos.
  8083 | D:7      | Reached * piety under Kikubaaqudgha
  8083 | D:7      | Received a gift from Kikubaaqudgha
  8109 | D:7      | You fall into a shaft and drop 2 floors!
  8152 | D:8      | Found a flagged portal.
  8161 | Bailey   | Entered a bailey
  8358 | Bailey   | Reached XP level 10. HP: 51/51 MP: 8/19
  8372 | Bailey   | Noticed an orc knight
  8392 | Bailey   | Killed an orc knight
  8571 | Bailey   | Reached ** piety under Kikubaaqudgha
  8579 | Bailey   | Reached skill level 5 in Fighting
  8583 | Bailey   | Noticed an orc warlord
  8615 | Bailey   | Killed an orc warlord
  8616 | Bailey   | Reached skill level 5 in Air Magic
  9006 | D:7      | Bought a wand of roots (6) for 201 gold pieces
  9006 | D:7      | Bought a potion of curing for 42 gold pieces
  9006 | D:7      | Bought a scroll of blinking for 105 gold pieces
  9006 | D:7      | Bought a scroll of identify for 28 gold pieces
  9141 | D:8      | Noticed Maggie
  9625 | D:8      | Killed Maggie
  9920 | D:8      | Found an opulent altar of Gozag.
 10704 | D:8      | Reached skill level 5 in Hexes
 10704 | D:8      | Reached XP level 11. HP: 56/56 MP: 20/24
 10711 | D:8      | Learned a level 5 spell: Summon Mana Viper
 10814 | D:9      | Gained mutation: Your thick and shaggy fur keeps you warm.
                  | (AC +3, rC+) [Felid growth]
 10814 | D:9      | Reached XP level 12. HP: 60/60 MP: 21/25
 10925 | D:9      | Noticed Jeremiah
 10944 | D:9      | Killed Jeremiah
 11369 | D:9      | Reached skill level 10 in Stealth
 11627 | D:9      | Found a shimmering blue altar of Sif Muna.
 11736 | D:9      | Reached *** piety under Kikubaaqudgha
 11736 | D:9      | Received a gift from Kikubaaqudgha
 11933 | D:9      | Noticed Grum
 11961 | D:9      | Killed Grum
 12379 | D:9      | Found Poimm's General Store.
 12382 | D:9      | Bought 2 potions of curing for 72 gold pieces
 12382 | D:9      | Bought a potion of might for 48 gold pieces
 12382 | D:9      | Bought a scroll of identify for 24 gold pieces
 12528 | D:10     | Entered Level 10 of the Dungeon
 12654 | D:10     | Found a staircase to the Lair.
 12706 | D:10     | Found a runed translucent gate.
 12716 | D:10     | Reached skill level 10 in Summonings
 12729 | D:10     | Reached skill level 10 in Dodging
 12797 | D:10     | Found a runed translucent gate.
 12797 | D:10     | Found a runed translucent gate.
 12948 | D:10     | Noticed Biggs's ghost (journeyman CoHu)
 13075 | D:10     | Noticed a tengu warrior
 13082 | D:10     | Reached skill level 1 in Necromancy
 13113 | D:10     | Killed a tengu warrior
 13350 | D:10     | Noticed a centaur warrior
 13360 | D:10     | Killed a centaur warrior
 13907 | D:10     | Found a snail-covered altar of Cheibriados.
 13909 | D:10     | Found a bloodstained altar of Trog.
 14090 | D:11     | Noticed Gastronok
 14120 | D:11     | Killed Gastronok
 14305 | D:11     | Acquired the amulet "Recysol" {Reflect rPois Int+3 SH+5}
 14816 | D:11     | Noticed Psyche
 14830 | D:11     | Killed Psyche
 15052 | D:12     | Found a staircase to the Orcish Mines.
 15301 | D:12     | Reached **** piety under Kikubaaqudgha
 15305 | D:12     | Reached XP level 13. HP: 42/68 MP: 5/27
 15902 | D:12     | Noticed Maurice
 15987 | D:12     | Killed Maurice
 16007 | D:12     | Reached skill level 5 in Necromancy
 16387 | D:12     | Reached skill level 10 in Spellcasting
 17214 | D:12     | Noticed Urug
 17222 | D:12     | Killed Urug
 17543 | Lair:1   | Entered Level 1 of the Lair of Beasts
 17800 | Lair:1   | Learned a level 7 spell: Monstrous Menagerie
 18789 | Lair:1   | Reached skill level 10 in Fighting
 19077 | Lair:1   | Found the +3 pair of seven-league boots {Rampage+∞}
 19284 | Lair:2   | Found a staircase to the Snake Pit.
 19463 | Lair:2   | Reached XP level 14. HP: 77/77 MP: 25/29
 19474 | Lair:2   | Reached ***** piety under Kikubaaqudgha
 19874 | Lair:2   | Identified the +9 mace "Orb Guardian's Doom" {vamp,
                  | *Corrode rN+ Will+ Str+3}
 21567 | Lair:3   | Found a staircase to the Shoals.
 22545 | Lair:4   | Found a staircase to the Slime Pits.
 22545 | Lair:4   | Found a viscous altar of Jiyva.
 22716 | Lair:4   | Found a runed translucent door.
 22716 | Lair:4   | Found a shimmering altar of Xom.
 22716 | Lair:4   | Noticed Ahar's ghost (journeyman HONe)
 22745 | Lair:4   | Identified the ring of the Jester {Will+ SInv}
 22751 | Lair:4   | Killed Ahar's ghost
 23315 | Lair:5   | Entered Level 5 of the Lair of Beasts
 23913 | Lair:5   | Reached ****** piety under Kikubaaqudgha
 24093 | Lair:5   | Received a gift from Kikubaaqudgha (forbidden knowledge)
 24102 | Lair:5   | Learned a level 7 spell: Haunt
 25592 | Lair:5   | Identified the +3 bardiche "Duegoide" {flame, *Rage rElec
                  | Str+3 Stlth+}
 25663 | Lair:5   | Reached skill level 10 in Necromancy
 26302 | Lair:5   | Reached XP level 15. HP: 80/80 MP: 18/31
 26781 | Orc:1    | Entered Level 1 of the Orcish Mines
 26781 | Orc:1    | Noticed Erica
 26785 | Orc:1    | Killed Erica
 27047 | Orc:2    | Entered Level 2 of the Orcish Mines
 27215 | Orc:2    | Learned a level 6 spell: Death Channel
 27345 | Orc:1    | Found a runed translucent gate.
 27345 | Orc:1    | Found a runed translucent gate.
 27346 | Orc:1    | Found a runed translucent gate.
 27347 | Orc:1    | Found a roughly hewn altar of Beogh.
 27350 | Orc:1    | Noticed avangion's ghost (journeyman DECj)
 27367 | Orc:1    | Acquired a manual of Spellcasting
 27620 | Orc:1    | Killed avangion's ghost
 27795 | Orc:1    | Identified the +3 leather armour of Floral Knowledge {SInv
                  | Stlth+}
 27923 | Orc:2    | Found a staircase to the Elven Halls.
 27948 | Orc:2    | Found Ihiniyc's Self-Improvement Boutique.
 27957 | Orc:2    | Bought a manual of Necromancy for 880 gold pieces
 28304 | Orc:2    | Slain by a two-headed ogre
 28304 | Orc:2    | Lost a life (1 life remaining)
 28379 | Orc:2    | Found Vago's Armour Boutique.
 28379 | Orc:2    | Found Horgh's Weapon Shoppe.
 28380 | Orc:2    | Found Sungoll's Antique Weapon Shoppe.
 28380 | Orc:2    | Found Vocan's Book Shop.
 29634 | D:14     | Noticed Jorgrun
 29647 | D:14     | Killed Jorgrun
 29787 | D:14     | Noticed Kirke
 29796 | D:14     | Killed Kirke
 29797 | D:14     | Reached skill level 15 in Necromancy
 29926 | D:14     | Noticed Frances
 29945 | D:14     | Killed Frances
 30009 | D:14     | Found a gate to the Vaults.
 30575 | D:14     | Noticed Agnes
 30593 | D:14     | Killed Agnes
 30594 | D:14     | Reached XP level 16. HP: 85/85 MP: 3/35
 30594 | D:14     | Gained a life (2 lives remaining)
 31555 | D:14     | Identified the +7 dagger "Spiderslayer" {spect, rF+ Str+3}
 31947 | D:15     | Entered Level 15 of the Dungeon
 31965 | D:15     | Reached skill level 15 in Spellcasting
 33577 | D:15     | Found a portal to a secret trove of treasure.
 33709 | D:15     | Found a staircase to the Depths.
 34030 | D:15     | Learned a level 8 spell: Infestation
 34139 | Elf:1    | Entered Level 1 of the Elven Halls
 34647 | Orc:2    | Bought a book of the Dragon for 630 gold pieces
 34814 | Snake:1  | Entered Level 1 of the Snake Pit
 34818 | Snake:1  | Identified the serpent talisman "Guaggy Kuroo" {rF+ Will+
                  | SInv}
 34818 | Snake:1  | Noticed Aizul
 34831 | Snake:1  | Killed Aizul
 35975 | Snake:1  | Found Doechifi's Book Emporium.
 35986 | Snake:1  | Bought a book of Death for 704 gold pieces
 36018 | Snake:1  | Learned a level 4 spell: Animate Dead
 36338 | Snake:2  | Reached XP level 17. HP: 61/89 MP: 12/38
 37185 | Slime:1  | Entered Level 1 of the Pits of Slime
 37185 | Slime:1  | Noticed an acid blob
 37202 | Slime:1  | Killed an acid blob
 37210 | Slime:1  | Noticed an acid blob
 37221 | Slime:1  | Noticed an acid blob
 37228 | Slime:1  | Killed from afar by an acid blob
 37228 | Slime:1  | Lost a life (1 life remaining)
 37238 | Slime:1  | Killed an acid blob
 37242 | Slime:1  | Killed an acid blob
 37633 | Slime:1  | Noticed an acid blob
 37642 | Slime:1  | Noticed an acid blob
 37645 | Slime:1  | Killed an acid blob
 37649 | Slime:1  | Paralysed by a formless jellyfish for 1 turns
 37651 | Slime:1  | Reached skill level 15 in Summonings
 37655 | Slime:1  | Killed an acid blob
 37932 | Slime:1  | Learned a level 2 spell: Blink
 37985 | Slime:2  | Noticed an acid blob
 37990 | Slime:2  | Killed an acid blob
 38400 | Slime:2  | Noticed an acid blob
 38400 | Slime:2  | Noticed an acid blob
 38414 | Slime:2  | Killed an acid blob
 38416 | Slime:2  | Killed an acid blob
 38714 | Slime:3  | Noticed an acid blob
 38721 | Slime:3  | Killed an acid blob
 39044 | Slime:3  | Noticed an acid blob
 39438 | Slime:4  | Noticed an acid blob
 39440 | Slime:4  | Noticed an acid blob
 39452 | Slime:4  | Killed from afar by an acid blob
 39452 | Slime:4  | Lost a life (0 lives remaining)
 39454 | Slime:4  | Noticed an acid blob
 39459 | Slime:4  | Noticed an acid blob
 39459 | Slime:4  | Noticed an acid blob
 39466 | Slime:4  | Killed an acid blob
 39484 | Slime:4  | Killed an acid blob
 39491 | Slime:4  | Killed an acid blob
 39908 | Slime:4  | Reached XP level 18. HP: 61/93 MP: 9/40
 39908 | Slime:4  | Gained a life (1 life remaining)
 40426 | Slime:5  | Entered Level 5 of the Pits of Slime
 40468 | Slime:5  | Noticed the Royal Jelly
 40896 | Slime:5  | Found a viscous altar of Jiyva.
 41416 | Slime:5  | Fell from the grace of Kikubaaqudgha
 41416 | Slime:5  | Became a worshipper of Jiyva Juriuqol the Shapeless
 43165 | Elf:1    | Reached * piety under Jiyva
 43481 | Elf:1    | Found a roughly hewn altar of Beogh.
 43489 | Elf:1    | Found a corrupted altar of Lugonu.
 43861 | Elf:1    | Found Boas's Magic Scroll Emporium.
 43864 | Elf:1    | Bought a scroll of teleportation for 51 gold pieces
 43864 | Elf:1    | Bought a scroll of teleportation for 51 gold pieces
 43864 | Elf:1    | Bought a scroll of teleportation for 51 gold pieces
 43917 | Elf:2    | Reached ** piety under Jiyva
 43942 | Elf:2    | HP: 1/93 [deep elf archer/arrow (24)]
 44784 | Snake:3  | Mangled by an anaconda
 44784 | Snake:3  | Lost a life (0 lives remaining)
 44918 | Snake:3  | Noticed Mara
 44920 | Snake:3  | Noticed croobank's illusion
 44941 | Snake:3  | Killed Mara
 44949 | Snake:3  | Reached XP level 19. HP: 81/98 MP: 24/42
 44949 | Snake:3  | Gained a life (1 life remaining)
 45080 | Snake:3  | Reached *** piety under Jiyva
 45087 | Snake:3  | Gained mutation: You are robust. (+10% HP) [Jiyva's grace]
 45087 | Snake:3  | Gained mutation: You are very robust. (+20% HP) [Jiyva's
                  | grace]
 45087 | Snake:3  | Gained mutation: You are extremely robust. (+30% HP)
                  | [Jiyva's grace]
 45087 | Snake:3  | Gained mutation: Your muscles are strong. (Str +4, Int/Dex
                  | -1) [Jiyva's grace]
 45164 | Snake:3  | Learned a level 4 spell: Anguish
 45378 | Snake:3  | Found a shimmering blue altar of Sif Muna.
 45382 | Snake:3  | Found a transporter.
 45646 | Snake:4  | Entered Level 4 of the Snake Pit
 45646 | Snake:4  | Reached **** piety under Jiyva
 45754 | Snake:4  | HP: 3/88 [death scarab[the player character] (29)]
 45754 | Snake:4  | Slain by a death scarab
 45754 | Snake:4  | Lost a life (0 lives remaining)
 45763 | Snake:4  | Noticed Vashnia
 45784 | Snake:4  | Killed Vashnia
 46170 | Snake:4  | Noticed Roxanne
 46189 | Snake:4  | Killed Roxanne
 46319 | Snake:4  | Found Saempiej's Book Boutique.
 46320 | Snake:4  | Found Baabal Sylo's Jewellery Emporium.
 46321 | Snake:4  | Found Uteox's Book Boutique.
 46392 | Snake:4  | Reached skill level 1 in Translocations
 46462 | Snake:4  | HP: 3/105 [nagaraja/+0 spear (25)]
 46464 | Snake:4  | Slain by a salamander tyrant simulacrum

Illustrated notes

Levels and vault maps discovered:
D:1:      psy_arrival_basics, layout_basic, basic_ecumenical_altar
D:2:      layout_loops_ring
D:3:      layout_rooms, okawaru_trees_2, nzn_wu_jian_council_hall, uniq_natasha,
          uniq_grinder
D:4:      layout_basic, nemelex_xobeh_ov_fountains_minmay,
          hellmonk_ghost_happy_afterlife, minmay_increasing_density
D:5:      layout_loops_corners, guppyfry_early_orc_mine, uniq_pikel,
          uniq_blork_the_orc
D:6:      layout_basic, nicolae_elyvilon_temple_path, xom_redecorated,
          temple_statues, kennysheep_donut
D:7:      layout_gridville, amcnicky_altar_gilded, lemuel_round_altar,
          minmay_hedge_maze, grunt_ministairs_2,
          nicolae_shop_distant_corner_stores, uniq_prince_ribbit1
D:8:      layout_basic, nicolae_gozag_cash_rules_everything_around_me,
          enter_bailey_2, minivault_21, minmay_circle_x, uniq_maggie
D:9:      layout_basic, lemuel_coloured_pillars_altar, serial_shops,
          nicolae_shop_window_shopping, uniq_grum, uniq_jeremiah
D:10:     layout_rooms, nicolae_overflow_hidden_temple, david_lair_generic,
          gammafunk_ghost_spectres, nicolae_doodle_vault
D:11:     layout_basic, uniq_gastronok, uniq_psyche
D:12:     layout_loops_corners, orc_0_dummy, minmay_shattered_shrine,
          uniq_maurice, uniq_urug
D:13:     layout_roguey, minmay_misc_feat_diagonals
D:14:     layout_loops_ring, david_vaults_5, chequers_avenue, uniq_agnes,
          uniq_frances, uniq_kirke, uniq_jorgrun
D:15:     grunt_enter_depths_magical_seal, layout_layer_cave,
          minmay_misc_feat_tower, enter_trove_5,
          nicolae_concentric_dashed_squares_mild,
          amcnicky_mini_corridor_feature, minivault_28
Temple:   hellmonk_temple_of_storms
Lair:1:   layout_regular_city, hellmonk_guarded_unrand_seven_league_boots
Lair:2:   layout_small_grid, dummy_snake_entry, grunt_megastairs_1
Lair:3:   layout_cave_shapes, minmay_shoals_entry_lonely_mermaid, special_room
          [special_room_mythical_zoo], serial_bayou_shore_b,
          serial_bayou_shore_b
Lair:4:   layout_long_grid, minmay_slime_entry_pillars, ebering_ghost_xom,
          infiniplex_staircase_pool, lemuel_fruit_fields, lemuel_fruit_fields,
          lemuel_fruit_tree
Lair:5:   guppyfry_lair_end_dragon, layout_layer_cave,
          hangedman_lair_caniforms_friends, chequers_serial_rivers_micro_a,
          st_stairs_11
Snake:1:  layout_misc_corridors, minmay_shop_star, uniq_aizul
Snake:2:  layout_onion_interference
Snake:3:  gammafunk_sealed_library, layout_onion, drop_trap, uniq_mara
Snake:4:  grunt_snake_rune_spirals, layout_concentric_octagons,
          minmay_shop_grove, uniq_louise, uniq_vashnia, uniq_roxanne
Slime:1:  layout_caves
Slime:2:  layout_caves
Slime:3:  layout_caves, nicolae_slime_barrier
Slime:4:  layout_caves, nicolae_slime_welcoming_committee
Slime:5:  slime_pit_nicolae_trefoil
Orc:1:    layout_caves, biasface_ghost_orc_armoury, uniq_erica
Orc:2:    st_orc_ogre_mass, layout_diamond_mine, nicolae_shop_self_help
Elf:1:    layout_onion_city, serial_shops, nicolae_shop_rolled_up,
          nicolae_elf_theology_debate
Elf:2:    nicolae_elf_blades_splatter_lattice [nicolae_blade_little_rooms],
          layout_gridlike

Skill      XL: |  1  2  3  4  5  6  7  8  9 10 11 12 13 14 15 16 17 18 19 |
---------------+----------------------------------------------------------+-----
Stealth        | 3 4 5 6 7 8 9 10 | 10.0
Dodging        | 3 4 5 6 7 9 10 | 10.0
Spellcasting   | 3 4 5 8 9 10 11 14 16 17 18 | 18.1
Summonings     | 5 6 9 10 12 13 14 16 18 20 | 20.1
Fire Magic     | 2 3 4 5 |  5.0
Fighting       | 1 2 3 4 5 7 10 | 10.0
Air Magic      | 1 4 6 7 |  7.0
Hexes          | 5 |  5.2
Necromancy     | 4 7 10 16 18 19 20 | 20.7
Translocations | 4 |  4.3

Action                     |  1- 3 |  4- 6 |  7- 9 | 10-12 | 13-15 | 16-18 | 19-21 || total
---------------------------+-------+-------+-------+-------+-------+-------+-------++-------
  Melee: Unarmed           |    33 |    32 |   159 |    54 |   102 |    59 |    10 ||   449
         Bite              |     3 |     4 |    38 |     6 |    12 |     5 |     2 ||    70
         Punch             |     1 |     1 |    10 |       |     1 |       |       ||    13
   Cast: Summon Small Mamm |    26 |    27 |    20 |     1 |    10 |       |       ||    84
         Call Imp          |     8 |    11 |    16 |     2 |    14 |     1 |       ||    52
         Call Canine Famil |     4 |     9 |    13 |     8 |    20 |     9 |     1 ||    64
         Summon Blazeheart |       |     1 |    25 |    60 |    55 |    21 |    10 ||   172
         Summon Lightning  |       |       |    15 |    22 |    35 |    21 |    13 ||   106
         Summon Mana Viper |       |       |       |    13 |    32 |    32 |     7 ||    84
         Monstrous Menager |       |       |       |       |   150 |   132 |     5 ||   287
         Haunt             |       |       |       |       |    12 |    66 |    13 ||    91
         Death Channel     |       |       |       |       |     7 |    34 |     7 ||    48
         Infestation       |       |       |       |       |       |    21 |    17 ||    38
         Animate Dead      |       |       |       |       |       |    22 |     4 ||    26
         Blink             |       |       |       |       |       |     2 |       ||     2
         Anguish           |       |       |       |       |       |       |    31 ||    31
 Invoke: Receive Forbidden |       |       |       |       |     1 |       |       ||     1
         Unearth Wretches  |       |       |       |       |     2 |    23 |       ||    25
         Oozemancy         |       |       |       |       |       |       |     1 ||     1
  Evoke: Wand              |       |       |     2 |    10 |    14 |    11 |     4 ||    41
    Use: Scroll            |       |     8 |    18 |     6 |     6 |    15 |     1 ||    54
         Potion            |       |       |       |     2 |     7 |    12 |     1 ||    22
   Stab: Sleeping          |     2 |     2 |     4 |     3 |     1 |     1 |       ||    13
         Invisible         |       |       |       |     1 |     2 |       |     2 ||     5
         Distracted        |       |       |       |       |     5 |     1 |       ||     6
         Paralysed         |       |       |       |       |     1 |    25 |       ||    26
 Armour: Skin              |    10 |    13 |    12 |    52 |   110 |   113 |    52 ||   362
  Dodge: Dodged            |    28 |    40 |    54 |   110 |   240 |   148 |    47 ||   667
  Block: Other             |       |       |       |     1 |    60 |    33 |     7 ||   101
         Reflection        |       |       |       |       |     3 |     8 |     1 ||    12

Table legend: (Time is in decaauts)
 A = Elapsed time spent in this place.
 B = Non-inter-level travel time spent in this place.
 C = Inter-level travel time spent in this place.
 D = Time resting spent in this place.
 E = Time spent auto-exploring this place.
 F = Levels seen in this place.
 G = Mean time per level.
                   A        B        C        D        E       F      G
               +--------+--------+--------+--------+--------+-----+--------+
         Total |  46522 |  43542 |   2980 |   8593 |  24379 |  35 | 1329.2 |
       Dungeon |  22935 |  21226 |   1709 |   4866 |  12112 |  15 | 1529.0 |
        Temple |     22 |     22 |      0 |      0 |      0 |   1 |   22.0 |
          Lair |   9617 |   9099 |    518 |   1268 |   6298 |   5 | 1923.4 |
     Snake Pit |   4365 |   4115 |    250 |    466 |   2242 |   4 | 1091.2 |
    Slime Pits |   4588 |   4467 |    121 |    995 |   1557 |   5 |  917.6 |
  Orcish Mines |   2050 |   1765 |    285 |    497 |    681 |   2 | 1025.0 |
   Elven Halls |   2224 |   2130 |     94 |    291 |   1364 |   2 | 1112.0 |
        Bailey |    717 |    717 |      0 |    210 |    125 |   1 |  717.0 |
               +--------+--------+--------+--------+--------+-----+--------+

Top non-repeatable levels by time:
  Lair:5: 3288 daAuts
    D:14: 2856 daAuts
    D:12: 2672 daAuts
   Elf:1: 2074 daAuts
  Lair:1: 1849 daAuts
     D:8: 1792 daAuts
     D:9: 1748 daAuts
     D:5: 1700 daAuts
    D:15: 1649 daAuts
  Lair:4: 1553 daAuts
    D:10: 1547 daAuts
  Lair:3: 1477 daAuts
  Lair:2: 1449 daAuts
    D:11: 1363 daAuts
 Snake:1: 1356 daAuts
